 Dungeon Crawl Stone Soup version 0.23.0-28-g6fe0f4d (webtiles) character file.

Game seed: 4494518229584131959

83 Semilg the Slasher (level 4, -1/41 HPs)
             Began as a Minotaur Monk on Feb 25, 2019.
             Was a Believer of Qazlal.
             Slain by Sigmund
             ... wielding a +0 scythe
              (6 damage)
             ... on level 3 of the Dungeon.
             The game lasted 00:09:41 (2201 turns).

Semilg the Slasher (Minotaur Monk)                  Turns: 2201, Time: 00:09:42

Health: -1/41      AC:  6    Str: 16    XL:     4   Next: 22%
Magic:  3/3        EV: 12    Int:  7    God:    Qazlal [**....]
Gold:   158        SH:  0    Dex: 13    Spells: 3/3 levels left

rFire    . . .     SeeInvis .   m - +4 hand axe (flame)
rCold    . . .     Gourm    .   (no shield)
rNeg     . . .     Faith    .   e - +0 ring mail
rPois    .         Spirit   .   (helmet restricted)
rElec    .         Reflect  .   j - +0 cloak
rCorr    .         Harm     .   (no gloves)
MR       .....                  (no boots)
Stlth    ..........             (no amulet)
HPRegen  0.13/turn              h - ring of wizardry
MPRegen  0.08/turn              (no ring)

@: confused
A: retaliatory headbutt, horns 2
a: Upheaval, Renounce Religion


You were on level 3 of the Dungeon.
You worshipped Qazlal.
Qazlal was pleased with you.
You were not hungry.

You visited 1 branch of the dungeon, and saw 3 of its levels.

You collected 158 gold pieces.

Inventory:

Hand Weapons
 a - a +1 falchion
 m - a +4 hand axe of flaming (weapon)
Armour
 e - a +0 ring mail (worn)
 j - a +0 cloak (worn)
Jewellery
 h - a ring of wizardry (left hand)
Potions
 b - 2 potions of haste
 f - a potion of agility {unknown}
 g - a potion of magic
 k - a potion of mutation
Comestibles
 c - 9 rations
 d - 12 chunks of flesh


   Skills:
 + Level 4.3 Fighting
 + Level 4.6 Long Blades
 + Level 0.2 Axes
 + Level 0.8 Armour
 + Level 4.0 Dodging
 + Level 2.0 Stealth


You had 3 spell levels left.
You didn't know any spells.
Your spell library was empty.

Dungeon Overview and Level Annotations

Branches:
Dungeon (3/15)

Altars:
Qazlal

Annotations:
D:3 Sigmund


Innate Abilities, Weirdness & Mutations

You reflexively headbutt those who attack you in melee.
You have a pair of horns on your head.


Message History

* * * LOW HITPOINT WARNING * * *
Found a stone staircase leading down.
The rat bites you but does no damage.
You slash the rat! You burn the rat.
You kill the rat!
Qazlal accepts your kill.
You see here a rat corpse.
You butcher the rat corpse.
Things that are here:
a chunk of flesh; a rat skeleton You start resting.
You hear some strange, mumbled words.
You are confused.
You start resting.
Something hits you.
* * * LOW HITPOINT WARNING * * *
You start resting.
Something hits you!
* * * LOW HITPOINT WARNING * * *
You bump into the rock wall.
Something hits you.
You die...

**,*,*,,..##..#*#.##....#,..,,,,,
,,,*,***#..#...#*..#....#...,,,,,
****,* #.......##.#.....S.#**,,,
* *,* #.....#..#...##.#*.###,*, *
*,* #.....##.?††.)..#.....,*, *
*,***#........##..####.....,** *
*,**,.........##...##......,** *
*,**,#......%.###.........#**# *
*,,,,#.......@##......#...# * *
*,,**#...........#..###..#* # *
*,,* #...................##### *
*,,**#...............#.(....#.
****,,,,..>......................
,,,,,,,,.........................
,,,,**,,........#................
,,,,**,,,........................
,,,,******,***,..............÷...


There were no monsters in sight!

Vanquished Creatures
  3 oozes
  2 dart slugs (D:1)
  2 orcs (D:3)
  6 bats
  3 giant cockroaches
  4 goblins
  7 hobgoblins
  13 jackals
  2 quokkas (D:2)
  A ball python (D:3)
  2 frilled lizards
  A kobold (D:1)
  16 rats
62 creatures vanquished.

Notes
Turn   | Place    | Note
-------+----------+-------------------------------------------
     0 | D:1      | Semilg the Minotaur Monk began the quest for the Orb.
     0 | D:1      | Reached XP level 1. HP: 19/19 MP: 0/0
   358 | D:1      | Reached XP level 2. HP: 22/27 MP: 1/1
   462 | D:1      | Reached XP level 3. HP: 30/33 MP: 2/2
  1447 | D:2      | Noticed a fire elemental
  1449 | D:2      | Found a stormy altar of Qazlal.
  1453 | D:2      | Noticed an earth elemental
  1991 | D:2      | Noticed an air elemental
  1991 | D:2      | Noticed a water elemental
  2006 | D:2      | Became a worshipper of Qazlal Stormbringer
  2006 | D:2      | Reached * piety under Qazlal
  2006 | D:2      | Reached ** piety under Qazlal
  2108 | D:3      | Reached XP level 4. HP: 40/41 MP: 3/3
  2173 | D:3      | Noticed Sigmund
  2201 | D:3      | Slain by Sigmund

Skill      XL: |  1  2  3  4 |
---------------+-------------+-----
Long Blades    | 4 |  4.6
Fighting       | 4 |  4.3
Stealth        | 2 |  2.0
Dodging        | 4 |  4.0
Axes           | |  0.2
Armour         | |  0.8

Action                   |  1- 3 |  4- 6 || total
-------------------------+-------+-------++-------
Melee: Falchion          |   102 |     3 ||   105
       Headbutt          |    12 |     2 ||    14
       Hand axe          |       |    13 ||    13
  Use: Scroll            |     3 |     2 ||     5
 Stab: Sleeping          |     3 |       ||     3
  Eat: Chunk             |     4 |       ||     4
Armor: Robe              |     7 |       ||     7
       Ring mail         |    26 |     4 ||    30
Dodge: Dodged            |    66 |     8 ||    74
Block: Other             |       |     3 ||     3
       Rpst.: Falchion   |    15 |     1 ||    16
